 Dungeon Crawl Stone Soup version 0.27.1-33-g824d729ab1 (webtiles) character file.

Game seed: 1717913783304280468

207 zeram the Poker (level 5, -16/41 HPs)
             Began as a Merfolk Fighter on Dec 14, 2021.
             Demolished by an ogre (17 damage)
             ... on level 4 of the Dungeon.
             The game lasted 00:04:10 (3820 turns).

zeram the Poker (Merfolk Fighter)                   Turns: 3820, Time: 00:04:11

Health: -16/41     AC:  8    Str: 16    XL:     5   Next: 85%
Magic:  5/5        EV:  7    Int:  8    God:
Gold:   170        SH:  9    Dex: 14    Spells: 4/4 levels left

rFire    . . .     SeeInvis .   a - +1 trident
rCold    . . .     Faith    .   c - +0 kite shield
rNeg     . . .     Spirit   .   b - +0 scale mail
rPois    .         Reflect  .   (no helmet)
rElec    .         Harm     .   (no cloak)
rCorr    .         Rampage  .   (no gloves)
Will     .....                  e - +1 pair of boots
Stlth    ..........             (no amulet)
HPRegen  0.13/turn              (no ring)
MPRegen  0.09/turn              (no ring)

@: mighty, very slightly contaminated, invisible
A: (nimble swimmer 2), mertail
a: no special abilities


You were on level 4 of the Dungeon.
You visited 1 branch of the dungeon, and saw 4 of its levels.
You also visited: Sewer.

You collected 170 gold pieces.

Inventory:

Hand Weapons
 a - a +1 trident (weapon)
Armour
 b - a +0 scale mail (worn)
 c - a +0 kite shield (worn)
 e - a +1 pair of boots (worn)
Wands
 k - a wand of charming (10)
Scrolls
 d - 2 scrolls of teleportation
 f - a scroll of vulnerability {unknown}
 h - a scroll of enchant weapon
Potions
 i - a potion of lignification {unknown}
 m - 5 potions of flight


   Skills:
 - Level 3.2 Fighting
 + Level 6.1 Polearms
 - Level 2.1 Armour
 + Level 1.1 Dodging
 * Level 4.9 Shields


You had 4 spell levels left.
You didn't know any spells.
Your spell library contained the following spells:

 Spells                   Type           Power      Damage    Failure   Level
 Static Discharge         Conj/Air       0%         N/A       100%        2
 Tukima's Dance           Hex            0%         N/A       100%        3
 Airstrike                Air            0%         N/A       100%        4
 Dispel Undead            Necr           0%         3d6       100%        4
 Passage of Golubria      Tloc           N/A        N/A       100%        4
 Sticky Flame             Conj/Fire      0%         2d3       100%        4
 Summon Lightning Spire   Summ/Air       0%         N/A       100%        4
 Lightning Bolt           Conj/Air       0%         1d11      100%        5
 Yara's Violent Unravell  Hex/Tmut       0%         3d3       100%        5


Dungeon Overview and Level Annotations

Branches:
Dungeon (4/15)              Sewer (visited)
 Temple: D:4-7

Altars:


Innate Abilities, Weirdness & Mutations

((You are quick and stealthy near water. (Stealth+, EV+, Speed+++)))
Your lower body shifts to a powerful aquatic tail in water.


Message History

No target in view!
No target in view!
No target in view!
No target in view!
No target in view!
No target in view!
No target in view!
No target in view!
HP restored.
Found a scroll labelled FOPOZX BEOHY.
You see here 21 sling bullets.
Key pressed, stopping explore.
f - a scroll labelled FOPOZX BEOHY You open the door.
There is an open door here.
Found a silvery potion.
i - a silvery potion You see here a +0 war axe.
An ogre comes into view. It is wielding a +0 giant club.
The ogre hits you with a +0 giant club!!
An ogre is nearby!
An ogre is nearby!
An ogre is nearby!
Your shield prevents you from hitting the ogre.
You block the ogre's attack.
You feel very mighty all of a sudden. You block the ogre's attack.
You barely miss the ogre. You block the ogre's attack.
You puncture the ogre!
The ogre is heavily wounded.
The ogre hits you with a +0 giant club!!
Ouch! That really hurt!
* * * LOW HITPOINT WARNING * * *
You fade into invisibility!
The ogre completely misses you.
You are very lightly contaminated with residual magic.
You barely miss the ogre.
The ogre is heavily wounded.
The ogre hits you with a +0 giant club!
You die...

##.###.#<
.############.##...##
...........#...#####.
.####.....#..8.....).
##.####.....##...#####.
...........###.## ##
#.###......# #.# # ###..
#......# #.# #
#....##@##.### #.# #
.#.....#O##(#####.## ##
.......#.......#...#####.
........##.......8.......
......#.##.....#...#####.
..... #..#.....##.## ##
.... ##.#........# # ...
.#.......## # ##
.##+######


You could see an ogre.

Vanquished Creatures
  A hound (D:2)
  An orc priest (D:3)
  3 adders
  4 river rats
  A worm (D:2)
  A dart slug (D:4)
  11 orcs
  5 bats
  3 endoplasms
  A giant cockroach (D:3)
  5 goblins
  3 hobgoblins
  3 quokkas
  11 ball pythons
  8 frilled lizards
  5 kobolds
  11 rats
77 creatures vanquished.

Notes
Turn   | Place    | Note
-------+----------+-------------------------------------------
     0 | D:1      | zeram the Merfolk Fighter began the quest for the Orb.
     0 | D:1      | Reached XP level 1. HP: 18/18 MP: 1/1
    34 | D:1      | Found a faded altar of an unknown god.
   163 | D:1      | Reached XP level 2. HP: 24/24 MP: 2/2
   219 | D:1      | You fall into a shaft and drop 1 floor!
   494 | D:2      | Reached XP level 3. HP: 25/29 MP: 3/3
   855 | D:2      | Reached skill level 4 in Polearms
  1328 | D:2      | Reached XP level 4. HP: 33/35 MP: 4/4
  1559 | D:3      | Reached skill level 5 in Polearms
  1772 | D:3      | Found a glowing drain.
  1796 | D:3      | Reached XP level 5. HP: 7/41 MP: 5/5
  1982 | Sewer    | Entered a sewer
  2363 | Sewer    | Reached skill level 1 in Dodging
  3159 | D:3      | Reached skill level 6 in Polearms
  3811 | D:4      | Noticed an ogre
  3818 | D:4      | HP: 1/41 [ogre (22)]
  3820 | D:4      | Demolished by an ogre

Illustrated notes

Levels and vault maps discovered:
D:1:      minmay_arrival_checkered_box, layout_loops_corners,
          hellmonk_ecumenical_altar_arch_garden, serial_park_tiny_1
D:2:      layout_basic
D:3:      layout_basic, portal_sewer_entry_a, grunt_ministairs_6,
          amethyst_killhole, st_stairs_6, hex_medium, kennysheep_crisscross,
          supply_closet_lemuel
D:4:      layout_basic, gammafunk_temple_overflow_elements,
          minmay_temple_entry_slanted, minmay_misc_feat_tower,
          kennysheep_decorative_pillar

Skill      XL: |  1  2  3  4  5 |
---------------+----------------+-----
Polearms       | 4 5 6 |  6.1
Shields        | 4 |  4.9
Dodging        | 1 |  1.1
Fighting       | |  3.2
Armour         | |  2.1

Action                   |  1- 3 |  4- 6 || total
-------------------------+-------+-------++-------
Melee: Trident           |    64 |   167 ||   231
  Use: Potion            |     2 |     4 ||     6
       Scroll            |       |     8 ||     8
Armor: Scale mail        |    18 |    60 ||    78
Dodge: Dodged            |    10 |    48 ||    58
Block: Kite shield       |    18 |    77 ||    95
